 Dungeon Crawl Stone Soup version 0.19.1 (console) character file.

11277 Kloppie the Impaler (level 11, -2/81 HPs)
             Began as a Merfolk Berserker on Dec 4, 2016.
             Was a High Priest of Trog.
             Slain by a spiny frog (8 damage)
             ... on level 2 of the Lair of Beasts.
             The game lasted 00:16:32 (11568 turns).

Kloppie the Impaler (Merfolk Berserker)            Turns: 11568, Time: 00:16:32

Health: -2/81      AC:  9    Str: 17    XL:     11   Next: 75%
Magic:  11/11      EV: 22    Int: 15    God:    Trog [*****.]
Gold:   413        SH:  0    Dex: 16    Spells: 0 memorised, 10 levels left

rFire  + + .     SeeInvis .     b - +0 halberd
rCold  . . .     Gourm    .     B - +1 leather armour {rF+}
rNeg   . . .     Faith    .     (shield currently unavailable)
rPois  .         Spirit   .     y - +2 helmet of Anaesthesia {rElec Int+5}
rElec  +         Reflect  .     (no cloak)
rCorr  +         Harm     .     k - +1 pair of gloves
MR     ++...                    (no boots)
Stlth  +.........               (no amulet)
                                E - ring of resist corrosion
                                H - ring of protection from fire

@: lethally poisoned (-2 -> -2), regenerating, drained
A: change form in water, swift swim, stealthy swim, blurry vision 1, clever 1,
frail 1
a: Berserk, Trog's Hand, Brothers in Arms, Burn Spellbooks, Renounce Religion


You were on level 2 of the Lair of Beasts.
You worshipped Trog.
Trog was extremely pleased with you.
You were not hungry.

You visited 2 branches of the dungeon, and saw 12 of its levels.
You also visited: Sewer.

You collected 588 gold pieces.
You spent 175 gold pieces at shops.

Inventory:

Hand Weapons
 a - a +5 trident of freezing
 b - a +0 halberd (weapon)
Armour
 k - a +1 pair of gloves (worn)
 y - the +2 helmet of Anaesthesia (worn) {rElec Int+5}
   (You found it on level 5 of the Dungeon)

   It affects your intelligence (+5).
   It insulates you from electricity.
 B - a +1 leather armour of fire resistance (worn)
Rods
 v - a +2 rod of ignition (12/12)
   (You found it on level 9 of the Dungeon)
Jewellery
 f - an uncursed ring of positive energy
 E - a ring of resist corrosion (right hand)
 H - a ring of protection from fire (left hand)
 J - an uncursed ring of positive energy
Wands
 L - a wand of disintegration (5/24)
Scrolls
 e - 5 scrolls of magic mapping
 g - 4 scrolls of remove curse
 i - 3 scrolls of fear
 n - 3 scrolls of recharging
 o - a scroll of blinking
 p - a scroll of random uselessness
 u - 6 scrolls of teleportation
 w - 3 scrolls of enchant weapon
 C - 2 scrolls of noise {unknown}
 D - 3 scrolls of fog {unknown}
Potions
 d - a potion of degeneration {unknown}
 l - a potion of heal wounds
 q - 3 potions of haste
 r - 5 potions of curing
 t - 2 potions of magic
 x - a potion of flight
 G - 2 potions of agility
 K - a potion of invisibility
 P - a potion of might
Comestibles
 c - 8 bread rations
 h - a meat ration
 j - 2 slices of pizza
 m - 2 beef jerkies
 z - 2 fruits


   Skills:
 - Level 9.7(9.2) Fighting
 - Level 16.4(15.9) Polearms
 - Level 1.3(1.0) Armour
 + Level 14.1(13.6) Dodging


You had 10 spell levels left.
You didn't know any spells.

Dungeon Overview and Level Annotations

Branches:
Dungeon (10/15)            Temple (0/1) D:7            Lair (2/6) D:10
    Orc (0/2) D:10
  Swamp: Lair:2-4    Shoals: Lair:2-4     Snake: Lair:2-4    Spider: Lair:2-4

Altars:
Elyvilon

Shops:
D:9 *


Innate Abilities, Weirdness & Mutations

You revert to your normal form in water.
You are very nimble and swift while swimming.
You are very stealthy in the water. (Stealth+)
Scrolls take you a little longer to read.
Your mind is acute. (Int +2)
You are frail. (-10% HP)


Message History

The spiny frog is heavily wounded.
The spiny frog misses you.
You hit the spiny frog but do no damage.
The spiny frog is heavily wounded.
The spiny frog stings you!
* * * LOW HITPOINT WARNING * * *
You are poisoned.
The spiny frog poisons you!
You closely miss the spiny frog.
The spiny frog is heavily wounded.
You feel sick. The spiny frog stings you!
* * * LOW HITPOINT WARNING * * *
You slash the spiny frog!
The spiny frog is almost dead.
* * * LOW HITPOINT WARNING * * *
You feel sick. The spiny frog misses you.
Your skin crawls.
You feel resistant to hostile enchantments.
You feel somewhat more hungry.
You feel sick. The spiny frog stings you!
You die...

## .. .# ..
###.# .# #####.
.##.#..#..##.#..
.........##....
....#....P#P..
......... #..#
#...#F####<#
#...†@.##..#
#.##..##.##.##
#..........#
#####...#.##
#######


You could see a spiny frog.

Vanquished Creatures
  The ghost of sheala the Thaumaturge, a journeyman DEEn of Sif Muna (Lair:1)
  Erica (D:9)
  Pikel (D:7)
  2 centaur zombies (D:10)
  A gargoyle (D:10)
  A spiny frog (Lair:1)
  5 komodo dragons (Lair:1)
  A troll (D:10)
  Grinder (D:5)
  A two-headed ogre (D:8)
  A hippogriff (Lair:1)
  Sigmund (D:3)
  A steam dragon (D:9)
  A hungry ghost (D:8)
  Menkaure (D:6)
  A soldier ant (D:9)
  3 water moccasins
  3 porcupines (Lair:1)
  2 sky beasts
  A black bear (D:6)
  An eye of draining (D:8)
  2 ice beasts
  A necrophage (D:7)
  5 ogres
  4 phantoms
  2 centaurs
  3 wolves (D:10)
  2 crocodiles (Lair:1)
  8 bullfrogs
  6 scorpions
  3 killer bees (D:7)
  4 wights (D:7)
  3 electric eels (D:10)
  3 crimson imps
  3 bullfrog zombies
  5 orc priests
  A quasit (D:8)
  7 hounds
  3 jellies
  6 iguanas
  10 worker ants
  4 orc wizards
  5 hell rats (Lair:2)
  A killer bee zombie (D:6)
  A hound skeleton (D:5)
  A worker ant zombie (D:8)
  3 gnolls (D:6)
  A howler monkey zombie (D:6)
  A howler monkey skeleton (D:7)
  18 adders
  5 river rats (Sewer)
  2 shadow imps (D:10)
  4 adder skeletons
  3 worms
  A dart slug (D:2)
  13 leopard geckos
  54 orcs
  8 ball pythons
  9 bats
  4 giant cockroaches
  7 goblins
  4 hobgoblins
  11 jackals
  10 kobolds
  6 quokkas
  8 frilled lizards
  A jackal zombie (D:5)
  A quokka skeleton (D:4)
  33 rats
331 creatures vanquished.

Vanquished Creatures (others)
  A slave (D:7)
  A black bear (D:7)
  2 crimson imps (D:7)
  An orc wizard (D:7)
  A leopard gecko (D:7)
  5 orcs (D:7)
  2 jackals (D:10)
13 creatures vanquished.

Grand Total: 344 creatures vanquished

Notes
Turn   | Place    | Note
-------+----------+-------------------------------------------
     0 | D:1      | Kloppie the Merfolk Berserker began the quest for the Orb.
     0 | D:1      | Reached XP level 1. HP: 18/18 MP: 1/1
   141 | D:1      | Reached skill level 5 in Polearms
   142 | D:1      | Reached XP level 2. HP: 15/24 MP: 2/2
   684 | D:1      | Reached XP level 3. HP: 27/29 MP: 3/3
  1015 | D:2      | Gained mutation: Your mind is acute. (Int +2) [potion of mutation]
  1015 | D:2      | Gained mutation: You are frail. (-10% HP) [potion of mutation]
  1015 | D:2      | Gained mutation: Scrolls take you a little longer to read. [potion of mutation]
  1525 | D:2      | Reached skill level 6 in Polearms
  1613 | D:2      | Reached XP level 4. HP: 32/33 MP: 4/4
  1618 | D:2      | Reached ** piety under Trog
  2035 | D:3      | Found a faded altar of an unknown god.
  2314 | D:3      | Noticed an ogre
  2322 | D:3      | Killed an ogre
  2322 | D:3      | Reached skill level 7 in Polearms
  2322 | D:3      | Reached XP level 5. HP: 4/38 MP: 5/5
  2322 | D:3      | HP: 2/57 [hobgoblin/stone (2)]
  2945 | D:3      | Noticed Sigmund
  2960 | D:3      | Killed Sigmund
  2960 | D:3      | Reached skill level 5 in Fighting
  2960 | D:3      | Reached skill level 9 in Polearms
  2960 | D:3      | Reached XP level 6. HP: 45/45 MP: 6/6
  3455 | D:4      | Reached XP level 7. HP: 15/50 MP: 7/7
  3897 | D:4      | Found a glowing drain.
  3918 | Sewer    | Entered a sewer
  4005 | Sewer    | Reached *** piety under Trog
  4088 | Sewer    | Reached skill level 10 in Polearms
  4479 | Sewer    | Reached **** piety under Trog
  4603 | D:4      | Reached skill level 11 in Polearms
  4603 | D:4      | Reached XP level 8. HP: 35/58 MP: 8/8
  5278 | D:5      | Entered Level 5 of the Dungeon
  5278 | D:5      | Noticed Grinder
  5285 | D:5      | Killed Grinder
  5285 | D:5      | Reached skill level 12 in Polearms
  5422 | D:5      | Got a brightly glowing helmet
  5428 | D:5      | Identified the +2 helmet of Anaesthesia {rElec Int+5} (You found it on level 5 of the Dungeon)
  6327 | D:6      | Reached skill level 13 in Polearms
  6330 | D:6      | Noticed Menkaure
  6342 | D:6      | Killed Menkaure
  6342 | D:6      | Reached XP level 9. HP: 7/66 MP: 9/9
  6947 | D:6      | Reached skill level 14 in Polearms
  7367 | D:7      | Found a staircase to the Ecumenical Temple.
  7400 | D:7      | Reached ***** piety under Trog
  7508 | D:7      | Noticed Pikel
  7517 | D:7      | Killed Pikel
  7517 | D:7      | Reached skill level 15 in Polearms
  7575 | D:7      | Reached XP level 10. HP: 72/74 MP: 10/10
  8152 | D:7      | Reached skill level 16 in Polearms
  8548 | D:8      | Received a gift from Trog
  8644 | D:8      | Reached skill level 5 in Dodging
  9085 | D:9      | Noticed Erica
  9093 | D:9      | Killed Erica
  9360 | D:9      | Found Xulixkoomo's Assorted Antiques.
  9363 | D:9      | Bought a scroll labeled RYGASTR BOG PIC for 35 gold pieces
  9363 | D:9      | Bought a wooden wand for 140 gold pieces
  9576 | D:10     | Entered Level 10 of the Dungeon
  9613 | D:10     | Noticed a gargoyle
  9623 | D:10     | Killed a gargoyle
  9624 | D:10     | Reached XP level 11. HP: 81/81 MP: 11/11
  9726 | D:10     | Reached skill level 10 in Dodging
  9832 | D:10     | Received a gift from Trog
  9843 | D:10     | Found a staircase to the Lair.
  9981 | D:10     | Found a staircase to the Orcish Mines.
  9982 | D:10     | Found a white marble altar of Elyvilon.
 10251 | D:10     | Identified a +2 rod of ignition (12/12) (You found it on level 9 of the Dungeon)
 10278 | Lair:1   | Entered Level 1 of the Lair of Beasts
 10328 | Lair:1   | Noticed sheala's ghost (journeyman DEEn)
 10378 | Lair:1   | Killed sheala's ghost
 11568 | Lair:2   | Slain by a spiny frog

Skill      XL: |  1  2  3  4  5  6  7  8  9 10 11 |
---------------+----------------------------------+-----
Polearms       | 5 6 7 9 11 13 15 16 | 16.4
Fighting       | 4 5 6 7 9 |  9.7
Dodging        | 9 14 | 14.1
Armour         | |  1.3

Action                   |  1- 3 |  4- 6 |  7- 9 | 10-12 || total
-------------------------+-------+-------+-------+-------++-------
Melee: Spear             |   135 |   166 |   519 |       ||   820
       Tailslap          |       |       |    18 |       ||    18
       Halberd           |       |       |    71 |   226 ||   297
       Trident           |       |       |       |   275 ||   275
Invok: Berserk           |     3 |     6 |    12 |     3 ||    24
       Trog's Hand       |       |       |     1 |     2 ||     3
  Use: Potion            |     3 |     1 |     5 |     4 ||    13
       Scroll            |     1 |       |     1 |     8 ||    10
 Stab: Sleeping          |       |     1 |     3 |     3 ||     7
       Distracted        |       |       |     1 |       ||     1
  Eat: Chunk             |     5 |    10 |    17 |    13 ||    45
       Meat ration       |       |       |     2 |     1 ||     3
Armor: Animal skin       |    16 |     9 |    11 |       ||    36
       Scale mail        |       |       |    18 |       ||    18
       Leather armour    |       |       |    25 |    68 ||    93
Dodge: Dodged            |    52 |    54 |   145 |   194 ||   445
